 Dungeon Crawl Stone Soup version 0.17-a0-1479-g4041c36 (webtiles) character file.

130 emikaela the Vexing (level 5, -22/34 HPs)
             Began as an Octopode Wanderer on July 3, 2015.
             Annihilated by an ogre
             ... wielding a +0 giant spiked club
              (25 damage)
             ... on level 2 of the Dungeon.
             The game lasted 00:12:59 (3787 turns).

emikaela the Vexing (Octopode Wanderer)             Turns: 3787, Time: 00:12:59

Health: -22/34     AC:  1    Str: 13    XL:     5   Next: 14%
Magic:  6/8        EV: 11    Int: 16    God:
Gold:   130        SH:  0    Dex:  9    Spells: 2 memorised, 3 levels left

rFire  . . .     SeeInvis .     p - +3 spear
rCold  . . .     Clarity  .     (no shield)
rNeg   . . .     SustAt   .     (helmet restricted)
rPois  .         Gourm    .     (no amulet)
rElec  .         Spirit   .     (no ring)
rCorr  .         Warding  .     (no ring)
rMut   .         Stasis   .     (no ring)
MR     .....                    (no ring)
Stlth  +++.......               (no ring)
                                (no ring)
                                (no ring)
                                (no ring)

@: not resistant to hostile enchantments, fairly stealthy
A: almost no armour, amphibious, 8 rings, constrict 8, camouflage 1, gelatinous
body 1
a: no special abilities


You were on level 2 of the Dungeon.
You were hungry.

You visited 1 branch of the dungeon, and saw 3 of its levels.

You collected 130 gold pieces.

Inventory:

Hand weapons
 d - a +0 club
 l - a +0 dagger
 p - a +3 spear (weapon)
 x - a +0 antimagic short sword
Missiles
 g - 30 bolts
 k - 46 stones (quivered)
 t - 5 tomahawks
Scrolls
 f - a scroll of random uselessness {unknown}
 m - a scroll of remove curse {unknown}
 n - a scroll of teleportation {unknown}
 o - a scroll of fear {unknown}
 r - a scroll of identify {unknown}
 u - a scroll of magic mapping {unknown}
 v - 2 scrolls of blinking {unknown}
Potions
 b - 2 potions of curing {unknown}
 h - 2 potions of degeneration {unknown}
 q - a potion of resistance {unknown}
Books
 a - a book of Maledictions
 c - the Almanac of Flamy Confrontation

   Spells                             Type                      Level
   a - Flame Tongue                   Conjuration/Fire             1
   b - Throw Flame                    Conjuration/Fire             2
Comestibles
 e - 3 bread rations
 i - 2 fruits
 j - 2 royal jellies
 s - a chunk of flesh
 w - 2 meat rations


   Skills:
 - Level 2.1 Fighting
 - Level 0.2 Short Blades
 - Level 1.0 Throwing
 - Level 0.6 Dodging
 - Level 3.1 Stealth
 - Level 1.0 Unarmed Combat
 - Level 2.0 Spellcasting
 + Level 3.6 Hexes
   Level 2.0 Fire Magic
 - Level 1.0 Ice Magic
   Level 1.1 Evocations


You had 3 spell levels left.
You knew the following spells:

 Your Spells              Type           Power        Failure   Level  Hunger
a - Ensorcelled Hibernat  Hex/Ice        #.....       14%         2    ###....
c - Confuse               Hex            ##......     14%         3    ###....


Dungeon Overview and Level Annotations

Branches:
Dungeon (3/15)

Altars:


Innate Abilities, Weirdness & Mutations

You cannot wear most types of armour.
You are amphibious.
You can wear up to eight rings at the same time.
You can use your tentacles to constrict eight enemies at once.
Your skin changes colour to match your surroundings (Stealth).
Your rubbery body absorbs attacks (AC +1).


Message History

The ogre hits you with a giant spiked club!!
Ouch! That really hurt!
* * * LOW HITPOINT WARNING * * *
The orc wizard closely misses you.
You climb upwards.
There is a stone staircase leading down here.
The orc wizard hits you with a dagger.
* * * LOW HITPOINT WARNING * * *
The orc wizard barely misses you.
The orc wizard gestures wildly while chanting.
You feel a wave of unholy energy pass over you.
Casting: Confuse
Confirm with . or Enter, or press ? or * to list all spells.
Aiming: Ensorcelled Hibernation
Press: ? - help, Shift-Dir - straight line, f - ogre
Aim: an ogre, wielding a giant spiked club (chance to defeat MR: 40%)
The ogre resists with some effort.
The ogre hits you with a giant spiked club!!
Ouch! That really hurt!
You die...

#.######............# #.#
......#...#.######..#
###.##### ........#......#
#..# #.......#
..#####...#.##.# #..#
#.#.###.# .## ##.##.##.#
#..# #.#.###.# .#
#.##.##.###..# #.#..##.#
.### #.##.#...##..#
#.##.##.# ...#
#.##...#.##.># #.##.##.#
##.# #.##...[.@Oo.#
#<......# ##.#
#.###.#####.## ####.####
##.#####..##.# #.# #.#
..........##.# #.# ###.###
##.#####..##.# #.# #.....#
#.# #..##.# #.# #.....##
#.# #..##.# #.#
#####....... ##.###
#..##.#####.###...........
.....#
#............)..###..[..##


You could see an ogre and an orc wizard.

Vanquished Creatures
  Jessica (D:3)
  3 adders
  2 oozes (D:1)
  5 worms (D:2)
  A giant gecko (D:1)
  2 orcs
  A ball python (D:1)
  A bat (D:3)
  A giant cockroach (D:2)
  5 goblins
  9 hobgoblins
  7 jackals
  4 kobolds
  5 giant newts
  8 rats
55 creatures vanquished.

Notes
Turn   | Place    | Note
--------------------------------------------------------------
     0 | D:1      | emikaela the Octopode Wanderer began the quest for the Orb.
     0 | D:1      | emikaela set off with: a book of Maledictions, a potion of lignification, the Almanac of Flamy Confrontation, a +0 club, a bread ration
     0 | D:1      | Reached XP level 1. HP: 14/14 MP: 3/3
     0 | D:1      | Identified the Almanac of Flamy Confrontation
    96 | D:1      | Reached skill level 1 in Stealth
   273 | D:1      | Reached XP level 2. HP: 14/19 MP: 5/5
   782 | D:1      | Learned a level 2 spell: Ensorcelled Hibernation
  1214 | D:1      | Reached skill level 1 in Ice Magic
  1214 | D:1      | Reached XP level 3. HP: 11/24 MP: 1/6
  1223 | D:1      | Learned a level 3 spell: Confuse
  2265 | D:2      | Reached XP level 4. HP: 16/29 MP: 0/7
  2585 | D:2      | Reached skill level 3 in Stealth
  3526 | D:3      | Noticed Jessica
  3536 | D:3      | Killed Jessica
  3536 | D:3      | Reached XP level 5. HP: 34/34 MP: 4/8
  3754 | D:3      | Noticed an ogre
  3787 | D:2      | Annihilated by an ogre

Vault maps used:
D:1:      lightli_arrival_isolated_outpost
D:3:      first_bread, gup_sewer_entry_bowl, uniq_jessica

Action                   |  1- 3 |  4- 6 || total
-------------------------+-------+-------++-------
Melee: Unarmed           |    34 |       ||    34
       Dagger            |    41 |       ||    41
       Spear             |    29 |    66 ||    95
 Cast: Ensorcelled Hiber |    16 |     3 ||    19
       Confuse           |       |     1 ||     1
  Use: Potion            |     1 |       ||     1
 Stab: Sleeping          |    11 |     9 ||    20
       Confused          |       |     1 ||     1
  Eat: Chunk             |     5 |     5 ||    10
